 Dungeon Crawl Stone Soup version 0.30-a0-304-gdc4b735fe1 (webtiles) character file.

Game seed: 1621429899842748221

120 koil the Sneak (level 4, -8/23 HPs)
             Began as a Spriggan Brigand on Oct 20, 2022.
             Mangled by hikkokomori's ghost (13 damage)
             ... on level 3 of the Dungeon.
             The game lasted 00:09:00 (2472 turns).

koil the Sneak (Spriggan Brigand)                   Turns: 2472, Time: 00:09:01

Health: -8/23      AC:  3    Str:  7    XL:     4   Next: 75%
Magic:  5/5        EV: 17    Int: 14    God:
Gold:   141        SH:  0    Dex: 16    Spells: 3/3 levels left

rFire   . . .      SeeInvis +    q - +1 falchion (holy)
rCold   . . .      Faith    .    (no shield)
rNeg    . . .      Spirit   .    b - +0 robe
rPois   .          Reflect  .    (helmet restricted)
rElec   .          Harm     .    c - +0 cloak
rCorr   .          Rampage  .    (gloves unavailable)
Will    .....                    (boots unavailable)
Stlth   +++.......               (no amulet)
HPRegen 0.23/turn                (no ring)
MPRegen 0.09/turn                (no ring)

@: very quick
A: very small, no large weapons, unfitting armour, see invisible, speed 3
a: no special abilities


You were on level 3 of the Dungeon.
You visited 1 branch of the dungeon, and saw 3 of its levels.

You collected 141 gold pieces.

Inventory:

Hand Weapons
 a - a +2 dagger
 h - a +2 dagger of pain
 q - a +1 falchion of holy wrath (weapon)
 s - a +2 quarterstaff of chaos
 u - a +0 dagger of speed
 w - a +1 short sword of speed
 x - a +2 whip of draining
Missiles
 d - 8 poisoned darts (quivered)
 e - 3 curare-tipped darts
Armour
 b - a +0 robe (worn)
 c - a +0 cloak (worn)
 t - a +0 cloak
 y - a +0 robe
 z - a +0 robe
Magical Staves
 p - a staff of conjuration
Jewellery
 C - a ring of poison resistance
Scrolls
 g - a scroll of teleportation {unknown}
 l - a scroll of vulnerability {unknown}
 n - a scroll of amnesia {unknown}
 o - a scroll of poison {unknown}
 v - a scroll of summoning {unknown}
 A - a scroll of identify {unknown}
Potions
 f - 3 potions of mutation {unknown}
 i - a potion of flight {unknown}
 j - a potion of haste {unknown}
 k - 3 potions of heal wounds {unknown}
 m - 2 potions of cancellation {unknown}
 r - 2 potions of curing {unknown}
 B - a potion of degeneration {unknown}


   Skills:
 + Level 2.1 Fighting
 + Level 3.1 Short Blades
 * Level 3.3 Throwing
 + Level 2.6 Dodging
 + Level 6.5 Stealth


You had 3 spell levels left.
You didn't know any spells.
Your spell library was empty.

Dungeon Overview and Level Annotations

Branches:
Dungeon (3/15)

Altars:

Annotations:
D:3 hikkokomori's ghost, novice MiBe


Innate Abilities, Weirdness & Mutations

You are very small and have problems with some larger weapons.
You are too small for most types of armour.
You have supernaturally acute eyesight. (SInv)
You cover ground extremely quickly. (Speed+++)


Message History

What are your orders? t - Shout!
Orders for allies: a - Attack new target. r - Retreat! s - Stop attacking. g - Guard the area. f - Follow me.
Anything else - Cancel.
Okay, then.
Unknown command.
You now have 141 gold pieces (gained 5).
Unknown command.
Your +1 falchion of holy wrath softly glows with a divine radiance!
q - a +1 falchion of holy wrath (weapon)
Unknown command.
Okay, then.
There is a transporter here.
You enter the transporter and appear at another place.
Hikkokomori's ghost yells, "Who would have thought, even in death it is a pleasure to sever!"
Hikkokomori's ghost completely misses you.
You hit hikkokomori's ghost but do no damage.
Hikkokomori's ghost hits you!
Ouch! That really hurt!
Hikkokomori's ghost says, "I'll split you in two!"
You don't know any spells.
Sorry, you're not good enough to have a special ability.
Unknown command.
Okay, then.
Okay, then.
There is a transporter here.
There is a transporter here.
You hit hikkokomori's ghost but do no damage.
Hikkokomori's ghost completely misses you.
You barely miss hikkokomori's ghost. Hikkokomori's ghost hits you.
You closely miss hikkokomori's ghost.
Hikkokomori's ghost completely misses you.
You hit hikkokomori's ghost but do no damage.
Hikkokomori's ghost hits you!
* * * LOW HITPOINT WARNING * * *
Hikkokomori's ghost hits you!
Ouch! That really hurt!
You die...

#.#.# ####.#.###.# #.##.... #.#.#
##.#.###.########.##....
#.#.#####....#..................
##.........#..#........W..W......
.....#####...##..#############...
.##### ##......#..........©#...
.# ##.##..#...........#W.. .#
#.##.W#..###.###..#... .#
#.##.@#..#8#.#8#..#... .#
#.....#...........#... .#
####.#..©#$....©....$#©.. .#
#....##..#..........$#... .#
#.#####..#..#8#.#8#..#... .# #.#
#..#..###.###..#... .# #.#
#..#...........#..# .# #.#
#..#.....=.....#..# .#
#.#####..#############..#


You could see hikkokomori's ghost.

Vanquished Creatures
  Crazy Yiuf (D:2)
  A howler monkey skeleton (D:3)
  2 worms
  4 dart slugs
  6 ball pythons
  2 bats (D:1)
  7 endoplasms
  2 giant cockroaches (D:1)
  5 goblins
  6 hobgoblins
  4 jackals (D:1)
  11 kobolds
  A quokka (D:1)
  3 frilled lizards (D:1)
  6 rats
61 creatures vanquished.

Vanquished Creatures (others)
  A fungus (D:2)
1 creature vanquished.

Grand Total: 62 creatures vanquished

Notes
Turn   | Place    | Note
-------+----------+-------------------------------------------
     0 | D:1      | koil the Spriggan Brigand began the quest for the Orb.
     0 | D:1      | Reached XP level 1. HP: 10/10 MP: 2/2
    41 | D:1      | Found a faded altar of an unknown god.
    82 | D:1      | Reached XP level 2. HP: 13/15 MP: 3/3
   136 | D:1      | Reached skill level 6 in Stealth
   303 | D:1      | Reached XP level 3. HP: 17/18 MP: 4/4
  1164 | D:2      | Found a runed translucent door.
  1165 | D:2      | Noticed Crazy Yiuf
  1215 | D:2      | Killed Crazy Yiuf
  1216 | D:2      | Reached XP level 4. HP: 23/23 MP: 5/5
  1727 | D:3      | Found a transporter.
  1727 | D:3      | Noticed hikkokomori's ghost (novice MiBe)
  1791 | D:3      | Found a transporter.
  2472 | D:3      | Mangled by hikkokomori's ghost

Illustrated notes

Levels and vault maps discovered:
D:1:      dpeg_arrival_boxes_within_box, layout_rooms,
          hellmonk_ecumenical_altar_run_dry
D:2:      layout_basic, uniq_crazy_yiuf_cottage
D:3:      layout_loops_ring, gammafunk_ghost_mausoleum

Skill      XL: |  1  2  3  4 |
---------------+-------------+-----
Stealth        | 6 |  6.5
Dodging        | 2 |  2.6
Fighting       | 2 |  2.1
Throwing       | 3 |  3.3
Short Blades   | 3 |  3.1

Action                   |  1- 3 |  4- 6 || total
-------------------------+-------+-------++-------
Melee: Dagger            |   119 |    50 ||   169
       Punch             |     1 |       ||     1
       Falchion          |       |     5 ||     5
Throw: Dart              |     5 |       ||     5
 Stab: Sleeping          |     8 |     9 ||    17
Armor: Robe              |    10 |     3 ||    13
Dodge: Dodged            |    72 |    19 ||    91

Table legend: (Time is in decaauts)
 A = Elapsed time spent in this place.
 B = Non-inter-level travel time spent in this place.
 C = Inter-level travel time spent in this place.
 D = Time resting spent in this place.
 E = Time spent auto-exploring this place.
 F = Levels seen in this place.
 G = Mean time per level.
                   A        B        C        D        E       F      G
               +--------+--------+--------+--------+--------+-----+--------+
         Total |   1727 |   1679 |     48 |    300 |    884 |   3 |  575.7 |
       Dungeon |   1727 |   1679 |     48 |    300 |    884 |   3 |  575.7 |
               +--------+--------+--------+--------+--------+-----+--------+

Top non-repeatable levels by time:
     D:2: 742 daAuts
     D:3: 505 daAuts
     D:1: 479 daAuts
